 Dungeon Crawl Stone Soup version 0.29.1-15-g9cfb28693d (webtiles) character file.

Game seed: 305960689657781298

2982 vishdafish the Destroyer (level 9, -1/57 HPs)
             Began as a Demonspawn Conjurer on Mar 29, 2023.
             Was a Priest of Vehumet.
             Killed by the air
             ... invoked by Gastronok
              (28 damage)
             ... on level 8 of the Dungeon.
             The game lasted 00:13:32 (11090 turns).

vishdafish the Destroyer (Demonspawn Conjurer)     Turns: 11090, Time: 00:13:32

Health: -1/57      AC:  6    Str:  7    XL:     9   Next: 53%
Magic:  3/21       EV: 14    Int: 35    God:    Vehumet [***...]
Gold:   410        SH:  0    Dex: 13    Spells: 16/25 levels left

rFire   . . .      SeeInvis .   d - +2 dagger (venom)
rCold   . . .      Faith    .   (no shield)
rNeg    . . .      Spirit   .   H - +1 robe {Archmagi}
rPois   .          Reflect  .   (no helmet)
rElec   .          Harm     .   M - +2 cloak {Will+}
rCorr   .          Rampage  .   (no gloves)
Will    +....      Archmagi +   (no boots)
Stlth   ++........              (no amulet)
HPRegen 0.19/turn               i - +6 ring of intelligence
MPRegen 0.17/turn               w - +6 ring of intelligence

@: hasted, very quick
A: repulsion field 1, demonic touch 2
a: Renounce Religion


You were on level 8 of the Dungeon.
You worshipped Vehumet.
Vehumet was most pleased with you.
You visited 1 branch of the dungeon, and saw 8 of its levels.
You also visited: Sewer.

You collected 410 gold pieces.

Inventory:

Hand Weapons
 d - a +2 dagger of venom (weapon)
Missiles
 t - 2 throwing nets
Armour
 a - a +0 robe
 u - +0 swamp dragon scales
 H - a +1 robe of the Archmagi (worn)
 I - a +1 cloak
 M - a +2 cloak of willpower (worn)
Jewellery
 i - a +6 ring of intelligence (left hand)
 w - a +6 ring of intelligence (right hand)
 z - a ring of positive energy
 G - a +4 ring of evasion
Wands
 C - a wand of flame (21)
 E - a wand of iceblast (5)
 F - a wand of mindburst (11)
 K - a wand of charming (7)
Scrolls
 h - a scroll of silence {unknown}
 k - 3 scrolls of amnesia
 l - a scroll of summoning
 m - a scroll of brand weapon {unknown}
 n - 2 scrolls of vulnerability {unknown}
 q - 2 scrolls of noise {unknown}
 s - a scroll of immolation {unknown}
 x - 2 scrolls of teleportation
 y - a scroll of enchant weapon {unknown}
 A - a scroll of magic mapping {unknown}
 D - 2 scrolls of fear {unknown}
 L - 2 scrolls of poison {unknown}
Potions
 b - 2 potions of magic
 e - 3 potions of might
 f - 3 potions of curing
 g - 3 potions of attraction {unknown}
 j - 3 potions of heal wounds {unknown}
 o - 3 potions of invisibility {unknown}
 p - a potion of brilliance {unknown}
 r - 3 potions of cancellation {unknown}
 v - a potion of lignification {unknown}
 J - 2 potions of flight {unknown}


   Skills:
 - Level 1.7 Dodging
 - Level 1.7 Stealth
 + Level 8.9 Spellcasting
 + Level 10.3 Conjurations


You had 16 spell levels left.
You knew the following spells:

 Your Spells              Type           Power      Damage    Failure   Level
a - Magic Dart            Conj           100%       1d8       1%          1
b - Fulminant Prism       Conj/Hex       33%        3d16      1%          4
c - Iskenderun's Mystic   Conj/Tloc      67%        2d14      1%          4

Your spell library contained the following spells:

 Spells                   Type           Power      Damage    Failure   Level
 Sticky Flame             Conj/Fire      67%        2d8       1%          4
 Sandblast                Erth           46%        2d11      1%          1
 Searing Ray              Conj           100%       2d8       1%          2
 Dazzling Flash           Conj/Hex       100%       N/A       1%          3
 Stone Arrow              Conj/Erth      100%       3d13      1%          3
 Passwall                 Tmut/Erth      19%        N/A       4%          2
 Gell's Gravitas          Tloc           23%        N/A       9%          3
 Teleport Other           Tloc           23%        N/A       9%          3
 Dispersal                Tloc           11%        N/A       99%         6


Dungeon Overview and Level Annotations

Branches:
Dungeon (8/15)             Temple (0/1) D:5           Sewer (visited)
   Lair: D:8-11

Altars:
Hepliaklqana
Makhleb
Nemelex Xobeh
Trog
Vehumet
Xom

Shops:
D:1 *

Annotations:
D:8 Gastronok


Innate Abilities, Weirdness & Mutations

You are surrounded by a mild repulsion field. (EV +2)
Your touch may inflict irresistible damage on your foes.


Message History

You hear a loud crackle.
You hear an explosion!
Casting: Fulminant Prism (dangerous; 1% risk of failure)
Confirm with . or Enter, or press ? or * to list all spells.
Okay, then.
Gastronok is nearby!
Casting: Fulminant Prism (dangerous; 1% risk of failure)
Confirm with . or Enter, or press ? or * to list all spells.
Aiming: Fulminant Prism (dangerous; 1% risk of failure)
Press: ? - help, Dir - move target You feel a surge of power!
You conjure a prism of explosive energy!
A fulminant prism comes into view.
Gastronok bites your fulminant prism!!
Your fulminant prism detonates feebly.
Casting: Fulminant Prism (dangerous; 1% risk of failure)
Confirm with . or Enter, or press ? or * to list all spells.
Aiming: Fulminant Prism (dangerous; 1% risk of failure)
Press: ? - help, Dir - move target You feel a surge of power!
You conjure a prism of explosive energy!
A fulminant prism comes into view.
Your fulminant prism crackles loudly.
Gastronok gurgles, "A snack!
A snack!"
Your fulminant prism explodes!
The blast of energy engulfs Gastronok!
Gastronok is almost dead.
You wobble.
Gastronok casts a spell.
You hit the quokka.
The quokka is poisoned.
You touch the quokka.
You kill the quokka!
The quokka's corpse disappears in a puff of smoke!
Gastronok waves his eye-stalks in wide circles.
The air twists around and strikes you!!
You are too injured to fight recklessly!
You feel better.
You feel yourself speed up.
Gastronok waves his eye-stalks in wide circles.
The air twists around and strikes you!!
You die...

.####..w......#
#..............
>############w#
#..............
........# #.#
#....)...######
........# #.#
###'###### ........##
#*# #.# ........# #.#
#.# .......####.# #.# #
#.........#.#######.#
###)..<.....#..w@.....#
............###########
####.#......
.....#......
...#.#......
._.#.#.#....
...#.#.#....
.....#...### ####.#.###


You could see Gastronok.

Vanquished Creatures
  A kobold demonologist (D:8)
  A wyvern (D:7)
  A sky beast (D:7)
  A black bear (D:6)
  A bullfrog (D:7)
  A gnoll sergeant (D:6)
  3 scorpions
  13 wights
  3 howler monkeys (D:8)
  2 electric eels (D:6)
  A jelly (D:6)
  8 crimson imps (D:7)
  A hound (D:6)
  5 orc priests
  A gnoll bouda (D:6)
  2 iguanas
  3 iron imps (D:6)
  Crazy Yiuf (D:7)
  Terence (D:2)
  3 orc wizards
  A statue (D:3)
  13 gnolls
  5 adders
  4 shadow imps
  2 white imps (D:7)
  10 worms
  12 dart slugs
  33 orcs
  7 ball pythons
  3 endoplasms
  5 giant cockroaches
  7 goblins
  2 hobgoblins
  2 jackals (D:1)
  3 quokkas
  9 bats
  6 frilled lizards
  16 kobolds
  7 rats
200 creatures vanquished.

Vanquished Creatures (others)
  17 fulminant prisms
17 creatures vanquished.

Grand Total: 217 creatures vanquished

Notes
Turn   | Place    | Note
-------+----------+-------------------------------------------
     0 | D:1      | vishdafish the Demonspawn Conjurer began the quest for the
                  | Orb.
     0 | D:1      | Reached XP level 1. HP: 13/13 MP: 3/3
    57 | D:1      | Gained mutation: Your touch may inflict minor irresistible
                  | damage on your foes. [demonic ancestry]
    57 | D:1      | Reached XP level 2. HP: 19/19 MP: 0/5
   620 | D:1      | Found a faded altar of an unknown god.
   865 | D:1      | Found Xamoaff's Assorted Antiques.
  1270 | D:1      | Reached XP level 3. HP: 24/24 MP: 2/7
  1423 | D:2      | Found a shimmering altar of Xom.
  1431 | D:2      | Noticed Terence
  1909 | D:2      | Killed Terence
  2198 | D:3      | Gained mutation: You are surrounded by a mild repulsion
                  | field. (EV +2) [demonic ancestry]
  2198 | D:3      | Reached XP level 4. HP: 28/30 MP: 4/8
  2255 | D:3      | Found a glowing drain.
  2265 | D:3      | Reached skill level 5 in Conjurations
  2298 | Sewer    | Entered a sewer
  2924 | Sewer    | Gained mutation: Your touch may inflict irresistible damage
                  | on your foes. [demonic ancestry]
  2924 | Sewer    | Reached XP level 5. HP: 32/35 MP: 5/10
  3180 | D:3      | Found a radiant altar of Vehumet.
  3180 | D:3      | Noticed a frost-covered statue
  3189 | D:3      | Killed a frost-covered statue
  3276 | D:3      | Became a worshipper of Vehumet
  3819 | D:3      | Learned a level 4 spell: Fulminant Prism
  3824 | D:3      | Learned a level 4 spell: Iskenderun's Mystic Blast
  4005 | D:4      | Reached XP level 6. HP: 34/41 MP: 3/12
  4840 | D:5      | Entered Level 5 of the Dungeon
  4846 | D:5      | Reached skill level 6 in Conjurations
  4891 | D:5      | Reached * piety under Vehumet
  4891 | D:5      | Offered knowledge of Foxfire by Vehumet.
  5277 | D:5      | Found a sparkling altar of Nemelex Xobeh.
  5378 | D:5      | Found a staircase to the Ecumenical Temple.
  5815 | D:6      | Reached skill level 5 in Spellcasting
  5879 | D:6      | Reached XP level 7. HP: 26/46 MP: 9/14
  6170 | D:6      | Reached skill level 7 in Conjurations
  6198 | D:6      | Found a burning altar of Makhleb.
  6637 | D:6      | Reached ** piety under Vehumet
  6637 | D:6      | Offered knowledge of Sandblast by Vehumet.
  7776 | D:6      | Reached XP level 8. HP: 36/52 MP: 10/17
  7909 | D:6      | Reached skill level 8 in Conjurations
  8448 | D:6      | Offered knowledge of Poisonous Vapours by Vehumet.
  8943 | D:6      | Found a bloodstained altar of Trog.
  9328 | D:7      | Reached skill level 9 in Conjurations
  9612 | D:7      | Found a runed translucent door.
  9613 | D:7      | Noticed Crazy Yiuf
  9622 | D:7      | Killed Crazy Yiuf
  9852 | D:7      | Reached *** piety under Vehumet
  9855 | D:7      | Reached XP level 9. HP: 57/57 MP: 14/20
 10060 | D:7      | Found a hazy altar of Hepliaklqana.
 10308 | D:8      | Noticed a kobold demonologist
 10318 | D:8      | Killed a kobold demonologist
 10349 | D:8      | Noticed Gastronok
 10516 | D:8      | Reached skill level 10 in Conjurations
 10533 | D:8      | Offered knowledge of Sticky Flame by Vehumet.
 10593 | D:8      | Found a shimmering altar of Xom.
 11090 | D:8      | Killed from afar by Gastronok

Illustrated notes

Levels and vault maps discovered:
D:1:      heliophobic_arrival_enchanted_forest, layout_loops_corners,
          serial_shops, nicolae_shop_hallway_stairs,
          hellmonk_ecumenical_altar_zigzags
D:2:      layout_rooms, basic_altar, uniq_terence
D:3:      layout_loops_ring, vehumet_statue, cheibrodos_sewer_entry_drain,
          feat_on_display
D:4:      layout_gridville
D:5:      layout_loops_cross, kennysheep_mini_moat,
          minmay_temple_entry_purple_smoke, nicolae_wormholes
D:6:      kennysheep_slugbush, layout_basic, demons_altar,
          lemuel_coloured_pillars_altar
D:7:      layout_gridville, overflow_temple_1_default, tso_altar,
          minmay_nine_imps, uniq_crazy_yiuf_cottage
D:8:      layout_basic, mainiacjoe_overflow_cross_hatched,
          nicolae_island_escapes, uniq_gastronok

Skill      XL: |  1  2  3  4  5  6  7  8  9 |
---------------+----------------------------+-----
Spellcasting   | 3 4 5 6 7 8 |  8.9
Conjurations   | 5 6 7 9 10 | 10.3
Dodging        | |  1.7
Stealth        | |  1.7

Action                   |  1- 3 |  4- 6 |  7- 9 || total
-------------------------+-------+-------+-------++-------
Melee: Unarmed           |     8 |       |       ||     8
       Dagger            |    17 |    54 |   141 ||   212
       Touch             |     6 |    12 |    31 ||    49
 Cast: Magic Dart        |    51 |   184 |   185 ||   420
       Iskenderun's Myst |       |       |    17 ||    17
       Fulminant Prism   |       |       |    17 ||    17
  Use: Potion            |     1 |       |     3 ||     4
       Scroll            |       |       |     7 ||     7
 Stab: Sleeping          |     1 |     1 |       ||     2
Armor: Robe              |     5 |    10 |    19 ||    34
Dodge: Dodged            |    22 |    56 |    78 ||   156
